AoeStats
← | ArCas | Toruk Makto

Arena

507804795Analyzed
4v4 RM · 12d ago on Sep 19, 2026· 16m 50s· 8 players
Game mode
Random Map
Map size
Large (8 player)
Population
200
Speed
Normal
Resources
Standard
Victory
Conquest
Starting age
Dark Age
Ending age
Imperial Age
RankedLock teamsTeams togetherTeam positionsShared explorationLock speedFull tech treeHidden civsTurbo modeCheats
Victory
Defeat
🇭🇷 Teutons · Croatia
1324
+15
1312
+16
🇨🇭 Wei · Switzerland
1303
+16
🇨🇭 Gurjaras · Switzerland
1260
+18
🇷🇺 Persians · Russia
1357
-19
🇦🇷 Malay · Argentina
1309
-16
🇩🇪 Vikings · Germany
1280
-15
🇳🇱 Malians · Netherlands
1273
-15
Lorazepam "Hogg Zogg" Salad Dog
10:27 Feudal Age
14:21 Castle Age
12:50 Double-Bit Axe
13:04 Horse Collar
dr.schniselx
10:24 Feudal Age
11:17 Double-Bit Axe
11:28 Horse Collar
16:24 Castle Age
14:46 Gold Mining
17:31 Bow Saw
17:14 Loom
Maus
10:48 Feudal Age
16:15 Castle Age
14:24 Horse Collar
optional_cookie
10:24 Feudal Age
11:35 Double-Bit Axe
14:11 Castle Age
12:37 Horse Collar
15:12 Bow Saw
15:56 Heavy Plow
privalovivan99
10:22 Feudal Age
14:05 Castle Age
12:30 Double-Bit Axe
12:53 Horse Collar
| ArCas | Toruk Makto
12:30 Feudal Age
15:26 Castle Age
13:19 Double-Bit Axe
13:48 Horse Collar
14:37 Loom
Edcar Davids
10:38 Feudal Age
14:12 Castle Age
12:02 Double-Bit Axe
13:23 Horse Collar
Brandon
10:45 Feudal Age
9:00 Loom
14:23 Castle Age
12:54 Stone Mining
12:52 Double-Bit Axe
Connection lost

Rejoining the realm…

Still unreachable

The connection could not be restored.

Session expired

The server has moved on; the page needs a fresh start.